SNL (28 & UNDER)
MEMPHIS BLUES @ MONTGOMERY BISCUITS
04/15/2026
 
TOP OF THE 1ST
Memphis Blues batting - Pitching for Montgomery Biscuits : LHP Gonzalo Martínez
Pitching: LHP Gonzalo Martínez
Batting: SHB Terry Dailey 0-0: Swinging Strike
0-1: Ball
1-1: Ball
2-1: Fly out, F7 (Flyball, 78M)
Batting: RHB Jaime Spiridon 0-0: Ball
1-0: Called Strike
1-1: SINGLE (Line Drive, 56)
Batting: LHB Phil Cantrell 0-0: Foul Ball, location: 2F
0-1: Foul Ball, location: 2F
0-2: Ball
1-2: Ball
2-2: Ball
3-2: Base on Balls
Jaime Spiridon to second
Batting: LHB Chris Austin 0-0: Ball
1-0: Ball
2-0: Ball
3-0: Base on Balls
Jaime Spiridon to third
Phil Cantrell to second
Batting: RHB Glenn Johnson 0-0: Foul Ball, location: 2F
0-1: Ball
1-1: Ball
2-1: Ball
3-1: Grounds into double play, 6-4-3 (Groundball, 6)
Top of the 1st over - 0 run(s), 1 hit(s), 0 error(s), 2 left on base; Memphis 0 - Montgomery 0
BOTTOM OF THE 1ST
Montgomery Biscuits batting - Pitching for Memphis Blues : RHP Miguel García
Pitching: RHP Miguel García
Batting: RHB Carlos Vásquez 0-0: Called Strike
0-1: Ball
1-1: Called Strike
1-2: Strikes out swinging
Batting: SHB Jack Estes 0-0: SINGLE (Flyball, 78S)
Batting: RHB Yujiro Kurihara 0-0: Ball
1-0: Called Strike
1-1: SINGLE (Line Drive, 9S)
Jack Estes to second
Runner from 2nd tries for 3rd, SAFE, throw made to third
Yujiro Kurihara to second
Batting: RHB Pete Smith 0-0: Ball
1-0: Ground out 6-3 (Groundball, 6)
Jack Estes scores
Batting: RHB Juan Díaz 0-0: Ball
1-0: Foul Ball, location: 2F
1-1: Ball
2-1: Fly out, F4 (Line Drive, 4M)
Bottom of the 1st over - 1 run(s), 2 hit(s), 0 error(s), 1 left on base; Memphis 0 - Montgomery 1
TOP OF THE 2ND
Memphis Blues batting - Pitching for Montgomery Biscuits : LHP Gonzalo Martínez
Batting: SHB Fernando Gutiérrez 0-0: Ball
1-0: Swinging Strike
1-1: Fly out, F8 (Flyball, 8RM)
Batting: LHB Ken Nelson 0-0: Called Strike
0-1: Ball
1-1: Called Strike
1-2: Ball
2-2: Ball
3-2: Strikes out swinging
Batting: LHB Ricardo García 0-0: Called Strike
0-1: Swinging Strike
0-2: Strikes out looking
Top of the 2nd over - 0 run(s), 0 hit(s), 0 error(s), 0 left on base; Memphis 0 - Montgomery 1
BOTTOM OF THE 2ND
Montgomery Biscuits batting - Pitching for Memphis Blues : RHP Miguel García
Batting: RHB Raúl Alejándrez 0-0: Fly out, F3 (Popup, 34)
Batting: RHB Peyton Yardley 0-0: Ball
1-0: Called Strike
1-1: Ball
2-1: Ball
3-1: Foul Ball, location: 2F
3-2: Base on Balls
Batting: RHB Dave Williams 0-0: Called Strike
0-1: Ball
1-1: Foul Ball, location: 2F
1-2: Fly out, F8 (Line Drive, 8LM)
Batting: SHB Tony Echevarría 0-0: Called Strike
0-1: Swinging Strike
0-2: Fly out, F7 (Flyball, 7M)
Bottom of the 2nd over - 0 run(s), 0 hit(s), 0 error(s), 1 left on base; Memphis 0 - Montgomery 1
TOP OF THE 3RD
Memphis Blues batting - Pitching for Montgomery Biscuits : LHP Gonzalo Martínez
Batting: RHB Ángel Hernández 0-0: Ball
1-0: Ball
2-0: Ball
3-0: Base on Balls
Batting: SHB Terry Dailey 0-0: Ball
1-0: Ball
2-0: SINGLE (Line Drive, 89M)
Ángel Hernández to second
Runner from 2nd tries for 3rd, SAFE, throw made to third
Batting: RHB Jaime Spiridon 0-0: Called Strike
0-1: Ball
1-1: Ball
2-1: Fly out, F5 (Line Drive, 56)
Batting: LHB Phil Cantrell 0-0: Ball
1-0: Ball
2-0: SINGLE (Groundball, 25) (infield hit)
Terry Dailey to second
Batting: LHB Chris Austin 0-0: Ball
1-0: Called Strike
1-1: Ball
2-1: Foul Ball, location: 2F
2-2: Strikes out looking
Batting: RHB Glenn Johnson 0-0: Ball
1-0: Ball
2-0: Called Strike
2-1: Ball
3-1: Swinging Strike
3-2: Base on Balls
Ángel Hernández scores
Terry Dailey to third
Phil Cantrell to second
Batting: SHB Fernando Gutiérrez 0-0: Swinging Strike
0-1: Foul Ball, location: 2F
0-2: Ball
1-2: Foul Ball, location: 2F
1-2: Foul Ball, location: 2F
1-2: SINGLE (Groundball, 4MD)
Terry Dailey scores
Phil Cantrell to third
Glenn Johnson to second
Runner from 3rd tries for Home, SAFE, no throw or cutoff
Batting: LHB Ken Nelson 0-0: Ball
1-0: Fly out, F9 (Flyball, 89M)
Top of the 3rd over - 3 run(s), 3 hit(s), 0 error(s), 2 left on base; Memphis 3 - Montgomery 1
BOTTOM OF THE 3RD
Montgomery Biscuits batting - Pitching for Memphis Blues : RHP Miguel García
Batting: RHB Carlos Vásquez 0-0: Ball
1-0: Foul Ball, location: 2F
1-1: Reached on error, E4 (Groundball, 4M)
Batting: SHB Jack Estes 0-0: Swinging Strike
0-1: Ball
1-1: Foul Ball, location: 2F
1-2: Ground out 5-3 (Groundball, 56S)
Carlos Vásquez to third
Batting: RHB Yujiro Kurihara 0-0: Ball
1-0: SINGLE (Flyball, 8RS)
Carlos Vásquez scores
Batting: RHB Pete Smith 0-0: Ball
1-0: Foul Ball, location: 2F
1-1: Grounds into double play, 4-6-3 (Groundball, 4)
Bottom of the 3rd over - 1 run(s), 1 hit(s), 1 error(s), 0 left on base; Memphis 3 - Montgomery 2
TOP OF THE 4TH
Memphis Blues batting - Pitching for Montgomery Biscuits : LHP Gonzalo Martínez
Batting: LHB Ricardo García 0-0: Swinging Strike
0-1: Swinging Strike
0-2: Strikes out swinging
Batting: RHB Ángel Hernández 0-0: Ball
1-0: Ball
2-0: Called Strike
2-1: Ground out 6-3 (Groundball, 6)
Batting: SHB Terry Dailey 0-0: Ball
1-0: Ball
2-0: Ball
3-0: Called Strike
3-1: Base on Balls
Batting: RHB Jaime Spiridon 0-0: Called Strike
0-1: DOUBLE (Flyball, 8LM)
Terry Dailey to third
Runner from 3rd tries for Home, SAFE, no throw or cutoff
Batting: LHB Phil Cantrell 0-0: Swinging Strike
0-1: Ball
1-1: Ball
2-1: Foul Ball, location: 2F
2-2: Strikes out swinging
Top of the 4th over - 1 run(s), 1 hit(s), 0 error(s), 1 left on base; Memphis 4 - Montgomery 2
BOTTOM OF THE 4TH
Montgomery Biscuits batting - Pitching for Memphis Blues : RHP Miguel García
Batting: RHB Juan Díaz 0-0: Called Strike
0-1: DOUBLE (Line Drive, 7LD)
Batting: RHB Raúl Alejándrez 0-0: Ground out 4-3 (Groundball, 4M)
Juan Díaz to third
Batting: RHB Peyton Yardley 0-0: Called Strike
0-1: Swinging Strike
0-2: Foul Ball, location: 2F
0-2: Foul Ball, location: 2F
0-2: DOUBLE (Line Drive, 78XD)
Juan Díaz scores
Batting: RHB Dave Williams 0-0: Called Strike
0-1: Ball
1-1: Foul Ball, location: 2F
1-2: Foul Ball, location: 2F
1-2: Foul Ball, location: 2F
1-2: Ball
2-2: DOUBLE (Groundball, 5L)
Peyton Yardley scores
Batting: SHB Tony Echevarría 0-0: Swinging Strike
0-1: Foul Ball, location: 2F
0-2: Fly out, F8 (Popup, 8LS)
Batting: RHB Carlos Vásquez 0-0: Foul Ball, location: 2F
0-1: Ball
1-1: Ball
2-1: Swinging Strike
2-2: Strikes out swinging
Bottom of the 4th over - 2 run(s), 3 hit(s), 0 error(s), 1 left on base; Memphis 4 - Montgomery 4
TOP OF THE 5TH
Memphis Blues batting - Pitching for Montgomery Biscuits : LHP Gonzalo Martínez
Batting: LHB Chris Austin 0-0: Called Strike
0-1: Foul Ball, location: 2F
0-2: Ball
1-2: Foul Ball, location: 2F
1-2: Foul Ball, location: 2F
1-2: Foul Ball, location: 2F
1-2: Strikes out swinging
Batting: RHB Glenn Johnson 0-0: Called Strike
0-1: Ball
1-1: Ball
2-1: Fly out, F9 (Line Drive, 89M)
Batting: SHB Fernando Gutiérrez 0-0: Ball
1-0: Called Strike
1-1: Ball
2-1: Swinging Strike
2-2: Foul Ball, location: 2F
2-2: Ball
3-2: Foul Ball, location: 2F
3-2: Foul Ball, location: 2F
3-2: DOUBLE (Popup, 89M)
Pitching: RHP Rick Grant
Batting: LHB Ken Nelson 0-0: Ground out 6-3 (Groundball, 6M)
Top of the 5th over - 0 run(s), 1 hit(s), 0 error(s), 1 left on base; Memphis 4 - Montgomery 4
BOTTOM OF THE 5TH
Montgomery Biscuits batting - Pitching for Memphis Blues : RHP Miguel García
Batting: SHB Jack Estes 0-0: Ball
1-0: Ball
2-0: Called Strike
2-1: Ball
3-1: Ground out 5-3 (Groundball, 56)
Batting: RHB Yujiro Kurihara 0-0: Foul Ball, location: 2F
0-1: Ground out 4-3 (Groundball, 4)
Batting: RHB Pete Smith 0-0: Called Strike
0-1: Ball
1-1: Called Strike
1-2: Foul Ball, location: 2F
1-2: Ball
2-2: Ground out 6-3 (Groundball, 6)
Bottom of the 5th over - 0 run(s), 0 hit(s), 0 error(s), 0 left on base; Memphis 4 - Montgomery 4
TOP OF THE 6TH
Memphis Blues batting - Pitching for Montgomery Biscuits : RHP Rick Grant
Batting: LHB Ricardo García 0-0: Swinging Strike
0-1: Ball
1-1: Ball
2-1: Foul Ball, location: 2F
2-2: Foul Ball, location: 2F
2-2: Foul Ball, location: 2F
2-2: DOUBLE (Line Drive, 9LM)
Batting: RHB Ángel Hernández 0-0: Ball
1-0: Ball
2-0: Ball
3-0: Called Strike
3-1: Base on Balls
Batting: SHB Terry Dailey 0-0: Called Strike
0-1: Foul Ball, location: 2F
0-2: Ball
1-2: Fielders Choice at 2nd, 3-6 (Groundball, 3)
Ricardo García to third
Batting: RHB Jaime Spiridon 0-0: Ball
1-0: Ball
2-0: Called Strike
2-1: Fly out, F2 (Popup, 2RF)
Batting: LHB Phil Cantrell 0-0: Ball
1-0: Ball
2-0: Ball
Terry Dailey is caught stealing 2nd base
Top of the 6th over - 0 run(s), 1 hit(s), 0 error(s), 0 left on base; Memphis 4 - Montgomery 4
BOTTOM OF THE 6TH
Montgomery Biscuits batting - Pitching for Memphis Blues : RHP Miguel García
Batting: RHB Juan Díaz 0-0: Ball
1-0: Called Strike
Single, Error in OF, E7, batter to second base
Pitching: RHP Bill Long
Batting: RHB Raúl Alejándrez 0-0: Ball
1-0: Swinging Strike
1-1: Ball
2-1: Foul Ball, location: 2F
2-2: Foul Ball, location: 2F
2-2: Strikes out swinging
Batting: RHB Peyton Yardley 0-0: Intentional Walk
Batting: RHB Dave Williams 0-0: Ball
1-0: Called Strike
1-1: Ball
2-1: Foul Ball, location: 2F
2-2: SINGLE (Line Drive, 89S)
Juan Díaz to third
Peyton Yardley to second
Runner from 3rd tries for Home, SAFE, no throw or cutoff
Pitching: RHP Luis Pistoni
Batting: SHB Tony Echevarría 0-0: Ball
Wild Pitch!
Peyton Yardley to third
Dave Williams to second
1-0: Called Strike
1-1: Called Strike
1-2: Strikes out swinging
Batting: RHB Carlos Vásquez 0-0: Ball
1-0: Called Strike
1-1: Called Strike
1-2: Ball
2-2: Ball
3-2: Strikes out looking
Bottom of the 6th over - 1 run(s), 2 hit(s), 1 error(s), 2 left on base; Memphis 4 - Montgomery 5
TOP OF THE 7TH
Memphis Blues batting - Pitching for Montgomery Biscuits : RHP Rick Grant
Batting: LHB Phil Cantrell 0-0: Ball
1-0: Called Strike
1-1: Foul Ball, location: 2F
1-2: Fly out, F9 (Flyball, 9M)
Batting: LHB Chris Austin 0-0: Called Strike
0-1: Ball
1-1: Foul Ball, location: 2F
1-2: SOLO HOME RUN (Flyball, 9D), Distance : 387 ft
Pinch Hitting: LHB John Foster 0-0: Ball
1-0: Swinging Strike
1-1: Swinging Strike
1-2: Strikes out looking
Pinch Hitting: RHB Jorge Fuentes 0-0: Ball
1-0: Foul Ball, location: 2F
1-1: Foul Ball, location: 2F
1-2: Foul Ball, location: 2F
1-2: Ball
2-2: Ball
3-2: Strikes out looking
Top of the 7th over - 1 run(s), 1 hit(s), 0 error(s), 0 left on base; Memphis 5 - Montgomery 5
BOTTOM OF THE 7TH
Montgomery Biscuits batting - Pitching for Memphis Blues : RHP Luis Pistoni
Now at 1B: Jorge Fuentes
Now at 2B: Jorge Domínguez
Batting: SHB Jack Estes 0-0: Hit by Pitch
Batting: RHB Yujiro Kurihara 0-0: Ball
1-0: Ball
2-0: Called Strike
2-1: Swinging Strike
2-2: Ball
3-2: Foul Ball, location: 2F
3-2: Base on Balls
Jack Estes to second
Batting: RHB Pete Smith 0-0: 3-RUN HOME RUN (Flyball, 9LD), Distance : 370 ft
Batting: RHB Juan Díaz 0-0: Ball
1-0: Called Strike
1-1: Ball
2-1: Ball
3-1: Base on Balls
Batting: RHB Raúl Alejándrez 0-0: Sac Bunt - play at first, batter OUT! 1-3
Juan Díaz to second
Batting: RHB Peyton Yardley 0-0: Intentional Walk
Batting: RHB Dave Williams 0-0: Called Strike
0-1: Ball
1-1: SINGLE (Groundball, 34D)
Juan Díaz to third
Peyton Yardley to second
Runner from 3rd tries for Home, SAFE, no throw or cutoff
Batting: SHB Tony Echevarría 0-0: Ball
Peyton Yardley is caught stealing 3rd base
Dave Williams to second
1-0: Ball
2-0: Ball
3-0: Called Strike
3-1: Foul Ball, location: 2F
3-2: Foul Ball, location: 2F
3-2: Base on Balls
Batting: RHB Carlos Vásquez 0-0: SINGLE (Groundball, 6MD)
Dave Williams to third
Tony Echevarría to second
Runner from 3rd tries for Home, SAFE, no throw or cutoff
Batting: SHB Jack Estes 0-0: 3-RUN HOME RUN (Flyball, 8LXD), Distance : 438 ft
Batting: RHB Yujiro Kurihara 0-0: Ball
1-0: Ball
2-0: Foul Ball, location: 2F
2-1: Ball
3-1: SOLO HOME RUN (Flyball, 9D), Distance : 385 ft
Batting: RHB Pete Smith 0-0: Ball
1-0: Called Strike
1-1: DOUBLE (Groundball, 5L)
Batting: RHB Juan Díaz 0-0: Ball
1-0: Ball
2-0: Ball
3-0: Base on Balls
Batting: RHB Raúl Alejándrez 0-0: Called Strike
0-1: Foul Ball, location: 2F
0-2: Foul Ball, location: 2F
0-2: Foul Ball, location: 2F
0-2: Ground out 4-3 (Groundball, 4D)
Bottom of the 7th over - 9 run(s), 6 hit(s), 0 error(s), 2 left on base; Memphis 5 - Montgomery 14
TOP OF THE 8TH
Memphis Blues batting - Pitching for Montgomery Biscuits : RHP Rick Grant
Pitching: RHP Jim Baker
Pinch Hitting: RHB Dave Wookey 0-0: Foul Ball, location: 2F
0-1: Ball
1-1: Ball
2-1: Foul Ball, location: 2F
2-2: Ball
3-2: Base on Balls
Batting: LHB Ricardo García 0-0: Ball
1-0: Foul Ball, location: 2F
1-1: Foul Ball, location: 2F
1-2: Ball
2-2: Strikes out swinging
Batting: RHB Ángel Hernández 0-0: Fly out, F7 (Flyball, 7M)
Batting: SHB Terry Dailey 0-0: SINGLE (Line Drive, 56)
Dave Wookey to second
Batting: RHB Jaime Spiridon 0-0: Swinging Strike
0-1: Ball
1-1: Ball
2-1: Foul Ball, location: 2F
2-2: Fly out, F9 (Flyball, 9M)
Top of the 8th over - 0 run(s), 1 hit(s), 0 error(s), 2 left on base; Memphis 5 - Montgomery 14
BOTTOM OF THE 8TH
Montgomery Biscuits batting - Pitching for Memphis Blues : RHP Luis Pistoni
Now in RF: Dave Wookey
Batting: RHB Peyton Yardley 0-0: Ball
1-0: Ball
2-0: Called Strike
2-1: Ball
3-1: Base on Balls
Pitching: LHP Mark Folger
Batting: RHB Dave Williams 0-0: Sac Bunt - play at first, batter OUT! 1-3
Peyton Yardley to second
Batting: SHB Tony Echevarría 0-0: Called Strike
0-1: Ball
1-1: Swinging Strike
1-2: Fly out, F4 (Popup, 4M)
Batting: RHB Carlos Vásquez 0-0: Ball
1-0: Ball
2-0: Ball
3-0: Called Strike
3-1: Ground out 4-3 (Groundball, 4M)
Bottom of the 8th over - 0 run(s), 0 hit(s), 0 error(s), 1 left on base; Memphis 5 - Montgomery 14
TOP OF THE 9TH
Memphis Blues batting - Pitching for Montgomery Biscuits : RHP Jim Baker
Batting: LHB Phil Cantrell 0-0: Called Strike
0-1: Ball
1-1: Ground out 3-1 (Groundball, 34)
Batting: LHB Chris Austin 0-0: Swinging Strike
0-1: Ground out 4-3 (Groundball, 4)
Batting: RHB Jorge Domínguez 0-0: Called Strike
0-1: Ball
1-1: Called Strike
1-2: Ball
2-2: Foul Ball, location: 2F
2-2: Strikes out swinging
Top of the 9th over - 0 run(s), 0 hit(s), 0 error(s), 0 left on base; Memphis 5 - Montgomery 14
Monday, December 5th, 2016 - OOTP Baseball 17.12 Build 75